 Dungeon Crawl Stone Soup version 0.26.1-11-gd32895ea62 (webtiles) character file.

Game seed: 11243189222354091226

141 Zeld the Slasher (level 5, 0/36 HPs)
             Began as an Octopode Monk on May 19, 2021.
             Slain by a gnoll
             ... wielding a cursed +0 halberd
              (9 damage)
             ... on level 3 of the Dungeon.
             The game lasted 00:02:22 (3003 turns).

Zeld the Slasher (Octopode Monk)                    Turns: 3003, Time: 00:02:22

Health: 0/36       AC:  1    Str: 11    XL:     5   Next: 24%
Magic:  5/5        EV: 14    Int: 13    God:
Gold:   143        SH:  0    Dex: 14    Spells: 4/4 levels left

rFire    . . .     SeeInvis .   a - +0 falchion
rCold    . . .     Faith    .   (no shield)
rNeg     . . .     Spirit   .   (helmet restricted)
rPois    .         Reflect  .   (no amulet)
rElec    .         Harm     .   (no ring)
rCorr    .         Rampage  .   (no ring)
Will     .....                  (no ring)
Stlth    +++.......             (no ring)
HPRegen  0.12/turn              (no ring)
MPRegen  0.09/turn              (no ring)
                                (no ring)
                                (no ring)

@: no status effects
A: almost no armour, stealthy swim, amphibious, 8 rings, constrict 8, camouflage
1, gelatinous body 1
a: no special abilities


You were on level 3 of the Dungeon.
You visited 1 branch of the dungeon, and saw 3 of its levels.

You collected 143 gold pieces.

Inventory:

Hand Weapons
 a - a +0 falchion (weapon)
Jewellery
 o - an uncursed ring of willpower {unknown}
 q - a cursed -4 ring of evasion {unknown}
Wands
 l - a wand of digging (5)
Scrolls
 b - 4 scrolls of remove curse {unknown}
 c - 3 scrolls of identify {unknown}
 f - 2 scrolls of enchant weapon {unknown}
 g - 2 scrolls of immolation {unknown}
 h - 3 scrolls of random uselessness {unknown}
 n - 2 scrolls of teleportation {unknown}
 p - a scroll of magic mapping {unknown}
Potions
 d - a potion of berserk rage {unknown}
 e - a potion of curing {unknown}
 i - a potion of attraction {unknown}
 j - a potion of heal wounds {unknown}
 k - a potion of flight {unknown}
 m - a potion of lignification {unknown}


   Skills:
 - Level 3.0 Fighting
 * Level 5.8 Long Blades
 - Level 3.0 Dodging
 - Level 2.6 Stealth


You had 4 spell levels left.
You didn't know any spells.
Your spell library was empty.

Dungeon Overview and Level Annotations

Branches:
Dungeon (3/15)

Altars:
Xom


Innate Abilities, Weirdness & Mutations

You cannot wear most types of armour.
You are very stealthy in the water. (Stealth+)
You are amphibious.
You can wear up to eight rings at the same time.
You can use your tentacles to constrict eight enemies at once.
Your skin changes colour to match your surroundings (Stealth+).
Your rubbery body absorbs attacks. (AC +1, EV +1)


Message History

HP restored.
Done exploring.
Done exploring.
You climb downwards.
The gnoll barely misses you.
There is a stone staircase leading up, spattered with blood here.
The gnoll hits you with a cursed +0 halberd!
You barely miss the gnoll. You grab the gnoll. You constrict the gnoll.
The gnoll hits you with a cursed +0 halberd!
* * * LOW HITPOINT WARNING * * *
You are too injured to fight recklessly!
You hit the gnoll.
The gnoll is lightly wounded.
You constrict the gnoll. The gnoll closely misses you.
You riposte.
You completely miss the gnoll.
The gnoll is moderately wounded.
You hit the gnoll.
The gnoll is heavily wounded.
You constrict the gnoll.
The gnoll hits you with a cursed +0 halberd!
You die...

##.#.#.#.###.########
#..###.# #(# #
##.###.# #.# #
#.##.#.##.# #
#...###...# #.
#.##.#.#### #.#
..#####.###..... ..#
......g.....## ##
..#####@<...# #
####### #. .### (.#
#g# #.# ### #.####
#>. #....# #.#


You could see a gnoll.

Vanquished Creatures
  A gnoll shaman (D:2)
  Robin (D:2)
  2 adders (D:2)
  A gnoll (D:3)
  2 oozes
  A worm (D:2)
  5 dart slugs (D:1)
  A leopard gecko (D:1)
  An orc (D:3)
  3 giant cockroaches
  11 hobgoblins
  5 bats
  A frilled lizard (D:2)
  11 goblins
  3 kobolds
  4 rats (D:1)
53 creatures vanquished.

Notes
Turn   | Place    | Note
-------+----------+-------------------------------------------
     0 | D:1      | Zeld the Octopode Monk began the quest for the Orb.
     0 | D:1      | Reached XP level 1. HP: 16/16 MP: 1/1
   172 | D:1      | Reached XP level 2. HP: 21/21 MP: 2/2
   430 | D:1      | Reached skill level 4 in Long Blades
   435 | D:1      | Reached XP level 3. HP: 26/26 MP: 3/3
  1333 | D:2      | Reached XP level 4. HP: 26/31 MP: 4/4
  1381 | D:2      | Noticed Robin
  1406 | D:2      | Reached skill level 5 in Long Blades
  1409 | D:2      | Killed Robin
  2268 | D:3      | Found a shimmering altar of Xom.
  2824 | D:2      | Reached XP level 5. HP: 15/36 MP: 5/5
  3003 | D:3      | Slain by a gnoll

Illustrated notes

Levels and vault maps discovered:
D:1:      scummos_arrival_simple_fountains, layout_loops_ring, hex_tiny,
          moated_statue, minmay_hexomino_p4
D:2:      layout_rooms, uniq_robin
D:3:      layout_loops_ring, nzn_hepliaklqana_mist_gate, lightli_temple_of_fire,
          nicolae_overflow_hidden_temple, uniq_sigmund

Skill      XL: |  1  2  3  4 |
---------------+-------------+-----
Long Blades    | 4 5 |  5.8
Fighting       | |  3.0
Dodging        | |  3.0
Stealth        | |  2.6

Action                   |  1- 3 |  4- 6 || total
-------------------------+-------+-------++-------
Melee: Falchion          |    45 |    49 ||    94
       Constrict         |    17 |    12 ||    29
       Tentacles         |    11 |    14 ||    25
 Stab: Sleeping          |    12 |     3 ||    15
       Distracted        |       |     1 ||     1
Armor: Skin              |     1 |     6 ||     7
Dodge: Dodged            |    28 |    36 ||    64
       Rpst.: Falchion   |     7 |     8 ||    15
